 Dungeon Crawl Stone Soup version 0.26.0-10-g1f06aea511 (webtiles) character file.

Game seed: 15251310940523931832

72 jackrogers the Cudgeller (level 4, -4/48 HPs)
             Began as an Ogre Berserker on Jan 14, 2021.
             Was a Believer of Trog.
             Slain by a gnoll
             ... wielding a +0 whip
              (6 damage)
             ... on level 2 of the Dungeon.
             The game lasted 00:01:30 (1485 turns).

jackrogers the Cudgeller (Ogre Berserker)           Turns: 1485, Time: 00:01:30

Health: -4/48      AC:  3    Str: 22    XL:     4   Next: 25%
Magic:  4/4        EV: 10    Int:  8    God:    Trog [**....]
Gold:   130        SH:  0    Dex:  8    Spells: 3/3 levels left

rFire    . . .     SeeInvis .   k - +3 whip
rCold    . . .     Faith    .   (no shield)
rNeg     + . .     Spirit   .   b - +0 animal skin
rPois    .         Reflect  .   (helmet restricted)
rElec    .         Harm     .   (no cloak)
rCorr    .         Rampage  .   (gloves unavailable)
Will     .....                  (boots unavailable)
Stlth    +.........             c - amulet of regeneration {+regen, !d}
HPRegen  0.56/turn              e - ring of positive energy {rN+}
MPRegen  0.09/turn              (no ring)

@: berserk cooldown, slowed, very slow
A: large, unfitting armour, tough skin 1
a: Renounce Religion, Berserk, Trog's Hand


You were on level 2 of the Dungeon.
You worshipped Trog.
Trog was pleased with you.
You visited 1 branch of the dungeon, and saw 2 of its levels.

You collected 130 gold pieces.

Inventory:

Hand Weapons
 a - a +0 mace
 k - a +3 whip (weapon)
   (You found it on level 1 of the Dungeon)
Armour
 b - a +0 animal skin (worn)
Jewellery
 c - an amulet of regeneration (around neck) {+regen, !d}
   (You found it on level 1 of the Dungeon)
 e - a ring of positive energy (left hand) {rN+}
   (You found it on level 1 of the Dungeon)
 f - a +4 ring of protection {unknown}
   (You found it on level 1 of the Dungeon)
Scrolls
 g - 2 scrolls of identify
Potions
 d - a potion of might
 h - a potion of resistance {unknown}


   Skills:
 - Level 4.0 Fighting
 + Level 4.5 Maces & Flails
 - Level 2.6 Dodging


You had 3 spell levels left.
You didn't know any spells.
Your spell library was empty.

Dungeon Overview and Level Annotations

Branches:
Dungeon (2/15)

Altars:
Nemelex Xobeh


Innate Abilities, Weirdness & Mutations

You are too large for most types of armour.
You have tough skin. (AC +1)


Message History

You hit the dart slug.
You kill the dart slug!
Trog accepts your kill.
No target in view!
No target in view!
You see here 12 stones.
Found a stone staircase leading down.
A rat comes into view.
A rat is nearby!
A rat is nearby!
A rat is nearby!
A goblin comes into view. It is wielding a +0 dagger.
The goblin shouts!
You hear a shout!
A goblin comes into view.
The rat bites you.
The goblin shouts!
You hit the rat.
You kill the rat!
Trog accepts your kill.
You hear a shout! x2
You hit the goblin. The goblin completely misses you.
You barely miss the goblin. The goblin hits you with a +0 dagger.
You barely miss the goblin.
A gnoll comes into view.
Spoiler Alert: The gnoll can hit for moderate damage in melee, and throws nets!
You hit the goblin.
You kill the goblin!
Trog accepts your kill.
A gnoll comes into view. It is wielding a +0 spear.
You whack the goblin!
You kill the goblin!
Trog accepts your kill.
Spoiler Alert: The gnoll can hit for moderate damage in melee, and throws nets!
A gnoll comes into view. It is wielding a +0 whip.
Things that are here:
a +0 dagger; 6 gold pieces Warning x3: The gnoll can hit for moderate damage in melee, and throws nets! x3
A gnoll comes into view. It is wielding a +0 halberd.
Danger x4: gnoll (wandering), gnoll x3!
The gnoll shouts!
You hit the gnoll. The gnoll barely misses you.
The gnoll hits you but does no damage.
Danger x4: gnoll x4!
You hit the gnoll. The gnoll hits you but does no damage.
The gnoll hits you from afar with a +0 spear.
You closely miss the gnoll.
Things that are here:
a +0 dagger; 6 gold pieces Spoiler Alert: The gnoll can hit for moderate damage in melee, and throws nets!
Warning x2: The gnoll can hit for moderate damage in melee, and throws nets! x2
Warning x3: The gnoll can hit for moderate damage in melee, and throws nets! x3
Danger x4: gnoll x4!
The gnoll hits you from afar with a +0 spear!
The gnoll hits you with a +0 spear.
The gnoll hits you from afar with a +0 halberd!
You whack the gnoll! The gnoll hits you with a +0 spear!
* * * LOW HITPOINT WARNING * * *
The gnoll misses you.
Danger x4: gnoll x4!
You hit the gnoll but do no damage. The gnoll closely misses you.
You hit the gnoll.
You kill the gnoll!
Trog accepts your kill.
The gnoll hits you from afar with a +0 halberd!
* * * LOW HITPOINT WARNING * * *
Warning x3: The gnoll can hit for moderate damage in melee, and throws nets! x3
A red film seems to cover your vision as you go berserk!
You feel yourself moving faster!
You feel mighty! The gnoll hits you but does no damage.
You feel a strong urge to attack something.
The gnoll completely misses you.
Things that are here:
a +0 spear; a gnoll corpse Warning x3: The gnoll can hit for moderate damage in melee, and throws nets! x3
You barely miss the gnoll. You barely miss the gnoll.
The gnoll barely misses you.
You hit the gnoll. You hit the gnoll. The gnoll completely misses you.
You whack the gnoll!
You kill the gnoll!
Trog accepts your kill.
You have reached level 4!
Warning x2: The gnoll can hit for moderate damage in melee, and throws nets! x2
The gnoll throws a throwing net.
The throwing net barely misses you.
You whack the gnoll!
You kill the gnoll!
Trog accepts your kill.
The gnoll throws a throwing net.
The throwing net barely misses you.
You are no longer berserk.
You are exhausted.
You feel yourself slow down.
Things that are here:
a +0 halberd; a gnoll corpse Spoiler Alert: The gnoll can hit for moderate damage in melee, and throws nets!
You hit the gnoll. The gnoll barely misses you.
The gnoll completely misses you.
You hit the gnoll. The gnoll hits you with a +0 whip.
* * * LOW HITPOINT WARNING * * *
You hit the gnoll. The gnoll hits you with a +0 whip.
You die...

...._..## #.# #†....#
...⌠.⌠..#######.# #.....#
...#.##.#..(....# #.....#
###.....#.#####.# #.....#
#.#.#.#...# ######.....###
#....<..#.# #...........
#...#.#.#.# #...........
#######.#.#.#####...........
..........(....)@g..>.......
##.######.#.#####...........
#.# #.#.# #........... #.#
#.#.# #........... #.# #.#
#........... #.#
#.#####........... #.#
#.##....)#†####### #.# #.
#.....#.# #.# #.....#.#


You could see a gnoll.

Vanquished Creatures
  3 gnolls (D:2)
  3 dart slugs
  2 leopard geckos
  4 bats
  8 goblins
  4 hobgoblins (D:1)
  3 frilled lizards (D:1)
  5 kobolds
  6 rats
38 creatures vanquished.

Notes
Turn   | Place    | Note
-------+----------+-------------------------------------------
     0 | D:1      | jackrogers the Ogre Berserker began the quest for the Orb.
     0 | D:1      | Reached XP level 1. HP: 24/24 MP: 1/1
    44 | D:1      | Reached skill level 3 in Maces & Flails
    61 | D:1      | Reached XP level 2. HP: 25/32 MP: 2/2
   758 | D:1      | Reached ** piety under Trog
  1007 | D:1      | Reached XP level 3. HP: 39/39 MP: 3/3
  1319 | D:2      | Found a sparkling altar of Nemelex Xobeh.
  1410 | D:2      | Reached skill level 4 in Maces & Flails
  1472 | D:2      | HP: 1/39 [gnoll/+0 halberd (11)]
  1480 | D:2      | Reached XP level 4. HP: 6/48 MP: 4/4
  1484 | D:2      | HP: 1/48 [gnoll/+0 whip (5)]
  1485 | D:2      | Slain by a gnoll

Illustrated notes

Levels and vault maps discovered:
D:1:      elethiomel_arrival_quiet, layout_basic, lemuel_another_geyser
D:2:      layout_basic, nemelex_xobeh_ov_fountains_minmay

Skill      XL: |  1  2  3 |
---------------+----------+-----
Maces & Flails | 3 4 |  4.5
Fighting       | |  4.0
Dodging        | |  2.6

Action                   |  1- 3 |  4- 6 || total
-------------------------+-------+-------++-------
Melee: Mace              |    47 |       ||    47
       Whip              |    44 |     4 ||    48
Invok: Berserk           |     1 |       ||     1
  Use: Scroll            |     5 |       ||     5
Armor: Animal skin       |    26 |       ||    26
Dodge: Dodged            |    47 |     4 ||    51

Table legend: (Time is in decaauts)
 A = Elapsed time spent in this place.
 B = Non-inter-level travel time spent in this place.
 C = Inter-level travel time spent in this place.
 D = Time resting spent in this place.
 E = Time spent auto-exploring this place.
 F = Levels seen in this place.
 G = Mean time per level.
                   A        B        C        D        E       F      G
               +--------+--------+--------+--------+--------+-----+--------+
         Total |   1488 |   1400 |     88 |    209 |    962 |   2 |  744.0 |
       Dungeon |   1488 |   1400 |     88 |    209 |    962 |   2 |  744.0 |
               +--------+--------+--------+--------+--------+-----+--------+

Top non-repeatable levels by time:
     D:1: 1204 daAuts
     D:2: 284 daAuts

Table legend:
 A = Kills in this place as a percentage of kills in entire the game.
 B = Kills by you in this place as a percentage of kills by you in the entire game.
 C = Kills by friends in this place as a percentage of kills by friends in the entire game.
 D = Other kills in this place as a percentage of other kills in the entire game.
 E = Experience gained in this place as a percentage of experience gained in the entire game.
 F = Experience gained in this place divided by the number of levels of this place that you have seen.
                   A       B       C       D       E      F
               +-------+-------+-------+-------+-------+----------------------
         Total | 100.0 | 100.0 |   N/A |   N/A | 100.0 |  51.5
       Dungeon | 100.0 | 100.0 |   N/A |   N/A | 100.0 |  51.5
               +-------+-------+-------+-------+-------+----------------------
